 Dungeon Crawl Stone Soup version 0.30.1-4-g462c640d31 (webtiles) character file.

Game seed: 12548815854816640949

1652 MrPagan1517 the Cleaver (level 8, 0/71 HPs)
             Began as a Minotaur Fighter on Sept 18, 2023.
             Was an Initiate of Makhleb.
             Slain by an orc wizard
             ... wielding a +0 dagger
              (2 damage)
             ... on level 9 of the Dungeon.
             The game lasted 00:14:51 (5190 turns).

MrPagan1517 the Cleaver (Minotaur Fighter)          Turns: 5190, Time: 00:14:53

Health: 0/71       AC: 12    Str: 20    XL:     8   Next: 68%
Magic:  7/7        EV:  8    Int: 13    God:    Makhleb [......]
Gold:   363        SH:  5    Dex:  9    Spells: 7/7 levels left

rFire   . . .        v - +9 sword of Zonguldrok {reap}
rCold   . . .        c - +0 buckler
rNeg    . . .        o - +0 chain mail
rPois   .            (helmet restricted)
rElec   .            r - +1 cloak
rCorr   .            (no gloves)
SInv    .            (no boots)
Will    +....        w - amulet of magic regeneration Stlth
                     q - ring of willpower
HPRegen 0.31/turn    (no ring)
MPRegen 0.50/turn

%: no passive effects
@: lethally poisoned (0 -> -22), slowed, very slow
A: horns 2, retaliatory headbutt, talons 1, clever 2
a: Renounce Religion


You were on level 9 of the Dungeon.
You worshipped Makhleb.
Makhleb was noncommittal.
You visited 1 branch of the dungeon, and saw 8 of its levels.

You collected 363 gold pieces.

Inventory:

Hand Weapons
 a - a +1 war axe of protection
 v - the +9 sword of Zonguldrok (weapon) {reap}
   (You found it on level 6 of the Dungeon)
Armour
 b - a +0 scale mail
 c - a +0 buckler (worn)
 e - the +0 ring mail of the Little Devil {Int+3}
   (You found it on level 2 of the Dungeon)

   Int:       It affects your intelligence (+3).
 o - a +0 chain mail (worn)
 r - a +1 cloak (worn)
Jewellery
 q - a ring of willpower (left hand)
 w - an amulet of magic regeneration (around neck)
 y - a ring of magical power
Wands
 j - a wand of mindburst (7)
 s - a wand of roots (18)
Scrolls
 g - a scroll of enchant weapon
 h - 2 scrolls of brand weapon
 i - 3 scrolls of teleportation
 t - 2 scrolls of identify
 x - a scroll of magic mapping
Potions
 d - a potion of might
 f - 2 potions of flight
 k - 4 potions of curing
 l - a potion of berserk rage
 m - a potion of cancellation
 n - a potion of brilliance
 p - a potion of invisibility {unknown}
 u - a potion of magic
 z - a potion of attraction {unknown}


   Skills:
 + Level 6.3 Fighting
 * Level 3.9 Long Blades
 + Level 8.7 Axes
 + Level 6.1 Armour
 + Level 2.9 Dodging
 - Level 1.2 Stealth
 + Level 5.5 Shields


You had 7 spell levels left.
You didn't know any spells.
Your spell library contained the following spells:

 Spells                   Type           Power      Damage    Failure   Level
 Animate Dead             Necr           0%         N/A       100%        4
 Olgreb's Toxic Radiance  Pois           0%         N/A       100%        4
 Borgnjor's Vile Clutch   Necr/Erth      0%         N/A       100%        5
 Death Channel            Necr           0%         N/A       100%        6
 Discord                  Hex            0%         N/A       100%        8
 Ignition                 Fire           0%         3d3       100%        8


Dungeon Overview and Level Annotations

Branches:
Dungeon (7/15)             Temple (0/1) D:6

Altars:
Hepliaklqana
Kikubaaqudgha
Makhleb
Xom
Yredelemnul
Zin


Innate Abilities, Weirdness & Mutations

You have a pair of horns on your head.
You reflexively headbutt those who attack you in melee.
You have sharp toenails.
Your mind is very acute. (Int +8, Str/Dex -2)


Message History

You feel yourself speed up.
You feel very sick. The hornet stings you.
You feel yourself slow down. The hornet stings you.
You feel as though you will be slow longer.
The orc wizard barely misses you.
The orc hits your orc wizard zombie with a +0 short sword.
The orc hits your orc wizard zombie with a +0 club.
The hornet stings you.
You are more poisoned.
You feel as though you will be slow longer.
The orc hits your orc wizard zombie with a +0 short sword.
The orc wizard points at you and mumbles some strange words.
The puff of flame hits you.
The orc hits your orc wizard zombie with a +0 club.
You closely miss the hornet.
You feel extremely sick. The hornet stings you.
You feel as though you will be slow longer.
The hornet stings you.
You are more poisoned.
You suddenly lose the ability to move!
The orc wizard barely misses you.
The orc hits your orc wizard zombie with a +0 short sword.
The orc hits your orc wizard zombie with a +0 club.
Your orc wizard zombie is destroyed!
The hornet stings you!
You are lethally poisoned!
You feel as though you will be slow longer.
The orc wizard gestures at you while chanting.
The magic dart hits you.
* * * LOW HITPOINT WARNING * * *
The hornet stings you but does no damage.
You can move again.
You slash the orc wizard! Your kick misses the orc wizard.
Your headbutt misses the orc wizard.
The orc wizard is heavily wounded.
* * * LOW HITPOINT WARNING * * *
You feel extremely sick. You block the hornet's attack.
The orc wizard hits you with a +0 dagger.
You die...

....###....)..#
############ #####
#.......# ####+####
####### ....... ##
....... #####.
......o############...'.
..<..oo@ZZZ.........###.
......y############## #.
....... #. ####### ##


You could see a hornet, an orc wizard (ally target), 2 orcs, a friendly bullfrog
zombie, a friendly hornet zombie and a friendly centaur zombie.

Vanquished Creatures
  A hornet (D:9)
  Menkaure (D:4)
  An ice beast (D:5)
  A centaur (D:9)
  3 ogres
  A phantom (D:5)
  A scorpion (D:6)
  2 bullfrogs
  A jelly (D:5)
  Crazy Yiuf (D:4)
  3 orc priests
  3 hounds
  Jessica (D:3)
  5 iguanas
  Ijyb (D:4)
  2 orc wizards
  8 adders
  2 shadow imps
  3 dart slugs
  9 orcs
  6 endoplasms
  2 giant cockroaches
  6 goblins
  10 hobgoblins
  9 kobolds
  5 quokkas
  9 ball pythons
  6 bats
  4 frilled lizards
  4 rats
111 creatures vanquished.

Vanquished Creatures (others)
  An angel (D:6)
  An orc zombie (D:9)
2 creatures vanquished.

Grand Total: 113 creatures vanquished

Notes
Turn   | Place    | Note
-------+----------+-------------------------------------------
     0 | D:1      | MrPagan1517 the Minotaur Fighter began the quest for the
                  | Orb.
     0 | D:1      | Reached XP level 1. HP: 19/19 MP: 0/0
   228 | D:1      | Reached XP level 2. HP: 27/27 MP: 1/1
   809 | D:2      | Noticed an ogre
   809 | D:2      | Found a faded altar of an unknown god.
   812 | D:2      | Killed an ogre
   813 | D:2      | Reached skill level 3 in Axes
   813 | D:2      | Reached XP level 3. HP: 7/34 MP: 2/2
   813 | D:2      | Reached XP level 4. HP: 8/41 MP: 3/3
  1069 | D:2      | Reached XP level 5. HP: 43/47 MP: 4/4
  1090 | D:2      | Found a hazy altar of Hepliaklqana.
  1143 | D:2      | Reached skill level 4 in Axes
  1263 | D:2      | Identified the +0 ring mail of the Little Devil {Int+3}
  1641 | D:3      | Reached skill level 1 in Dodging
  1834 | D:3      | Noticed Jessica
  1838 | D:3      | Killed Jessica
  2373 | D:4      | Gained mutation: You are agile. (Dex +4, Str/Int -1)
                  | [potion of mutation]
  2373 | D:4      | Gained mutation: You are resistant to electric shocks.
                  | (rElec) [potion of mutation]
  2373 | D:4      | Gained mutation: Your flesh is heat resistant. (rF+)
                  | [potion of mutation]
  2425 | D:4      | Found an ancient bone altar of Kikubaaqudgha.
  2497 | D:4      | Reached XP level 6. HP: 54/55 MP: 5/5
  2499 | D:4      | Reached skill level 5 in Axes
  2499 | D:4      | Reached skill level 5 in Armour
  2600 | D:4      | Found a runed translucent door.
  2601 | D:4      | Noticed Crazy Yiuf
  2636 | D:4      | Killed Crazy Yiuf
  2727 | D:4      | Noticed Menkaure
  2731 | D:4      | Killed Menkaure
  2732 | D:4      | Reached skill level 5 in Fighting
  2732 | D:4      | Reached skill level 6 in Axes
  2872 | D:4      | Found a basalt altar of Yredelemnul.
  3010 | D:4      | Noticed Ijyb
  3018 | D:4      | Killed Ijyb
  3019 | D:4      | Reached XP level 7. HP: 17/61 MP: 6/6
  3368 | D:4      | Found a burning altar of Makhleb.
  3375 | D:4      | Became a worshipper of Makhleb the Destroyer
  3516 | D:5      | Entered Level 5 of the Dungeon
  3753 | D:5      | Reached skill level 1 in Stealth
  3753 | D:5      | Reached skill level 5 in Shields
  3838 | D:5      | Lost mutation: You are resistant to electric shocks.
                  | (rElec) [potion of mutation]
  3838 | D:5      | Lost mutation: Your flesh is heat resistant. (rF+) [potion
                  | of mutation]
  3838 | D:5      | Lost mutation: You are agile. (Dex +4, Str/Int -1) [potion
                  | of mutation]
  3838 | D:5      | Gained mutation: You have sharp toenails. [potion of
                  | mutation]
  3838 | D:5      | Gained mutation: Your mind is acute. (Int +4, Str/Dex -1)
                  | [potion of mutation]
  3839 | D:5      | Lost mutation: You have sharp toenails. [potion of
                  | mutation]
  3839 | D:5      | Lost mutation: Your mind is acute. (Int +4, Str/Dex -1)
                  | [potion of mutation]
  3839 | D:5      | Gained mutation: Your mind is acute. (Int +4, Str/Dex -1)
                  | [potion of mutation]
  3839 | D:5      | Gained mutation: You have sharp toenails. [potion of
                  | mutation]
  3839 | D:5      | Gained mutation: Your mind is very acute. (Int +8, Str/Dex
                  | -2) [potion of mutation]
  3944 | D:5      | Reached skill level 7 in Axes
  4243 | D:6      | Reached XP level 8. HP: 62/70 MP: 7/7
  4286 | D:6      | Found a staircase to the Ecumenical Temple.
  4290 | D:6      | Found the +9 sword of Zonguldrok {reap}
  4356 | D:6      | Identified the +1 leather armour of the Sunfish {Will+}
  4387 | D:6      | Reached skill level 8 in Axes
  4402 | D:6      | Reached skill level 1 in Long Blades
  4721 | D:6      | Killed an angel
  4774 | D:6      | Found a glowing silver altar of Zin.
  4776 | D:6      | Found a shimmering altar of Xom.
  4907 | D:7      | You fall into a shaft and drop 2 floors!
  5044 | D:9      | Noticed a hornet
  5048 | D:9      | Killed a hornet
  5184 | D:9      | Noticed a hornet
  5189 | D:9      | Paralysed by a hornet for 1 turns
  5190 | D:9      | HP: 2/71 [poisoned by a hornet]
  5190 | D:9      | Slain by an orc wizard

Illustrated notes

Levels and vault maps discovered:
D:1:      dpeg_arrival_refuge, layout_loops_corners
D:2:      layout_rooms, hellmonk_ecumenical_altar_arch_garden, basic_altar
D:3:      layout_loops_corners, hangedman_decor_riveting, minmay_door_square,
          kennysheep_generic_room_16, uniq_jessica
D:4:      layout_loops_ring, mainiacjoe_overflow_small_starburst,
          lightli_temple_of_fire, kiku_gazebo_pond_becter,
          uniq_crazy_yiuf_cottage, uniq_ijyb, uniq_menkaure
D:5:      layout_basic
D:6:      layout_loops_ring, grunt_temple_overflow_order_and_chaos_1,
          minmay_temple_entry_mini_moons
D:7:      layout_basic, serial_shops, nicolae_shop_bloodbath_and_beyond,
          uniq_pikel
D:9:      layout_roguey, david_orc_4, uniq_erica

Skill      XL: |  1  2  3  4  5  6  7  8 |
---------------+-------------------------+-----
Fighting       | 4 5 6 |  6.3
Armour         | 4 5 6 |  6.1
Shields        | 4 5 |  5.5
Axes           | 3 4 6 7 8 |  8.7
Dodging        | 1 2 |  2.9
Stealth        | 1 |  1.2
Long Blades    | 3 |  3.9

Action                     |  1- 3 |  4- 6 |  7- 9 || total
---------------------------+-------+-------+-------++-------
  Melee: War axe           |    44 |   113 |    63 ||   220
         Headbutt          |    10 |    20 |    13 ||    43
         Kick              |       |       |    13 ||    13
         Double sword      |       |       |    27 ||    27
    Use: Scroll            |       |    13 |     4 ||    17
         Potion            |       |     1 |     2 ||     3
 Armour: Scale mail        |    19 |    11 |       ||    30
         Ring mail         |       |    32 |     3 ||    35
         Chain mail        |       |       |    62 ||    62
  Dodge: Dodged            |    24 |    37 |    34 ||    95
  Block: Buckler           |    14 |    22 |    22 ||    58
